details: 'idiots7'

« prev index next »

General information

Mini Map

Players

team 1
HumanBumbaMeuBoi (purple | 124 APM | 988 actions | 07:57)
Hero icon 3 Firelord
Ability icon 2 Summon Lava Spawn
Ability icon 1 Soul Burn

» actions
Assign group hotkey42
Basic commands82
Build / train49
ESC pressed7
Enter build submenu18
Enter hero's abilities submenu3
Right click464
Select / deselect164
Select group hotkey112
Use ability47
988 total
» units
Peasant21
Footman12
33 total
» upgrades
Defend1
1 total
» buildings
Barracks1
Farm4
Altar of Kings1
Lumber Mill2
Scout Tower7
Guard Tower5
Arcane Vault1
21 total
» build order
00:22 Barracks
00:25 Farm
00:52 Altar of Kings
01:05 Farm
01:13 Lumber Mill
02:24 Farm
02:52 Scout Tower
02:54 Scout Tower
03:04 Farm
03:22 Guard Tower
03:26 Guard Tower
03:47 Scout Tower
04:15 Guard Tower
04:44 Lumber Mill
05:35 Scout Tower
05:35 Scout Tower
06:11 Arcane Vault
06:25 Guard Tower
06:27 Scout Tower
06:29 Scout Tower
07:26 Guard Tower
» items
Scroll of Regeneration2
Lesser Clarity Potion3
5 total
UndeadPIasticBombs (pink | 251 APM | 1999 actions | 07:57)
Hero icon 3 Firelord
Ability icon 2 Summon Lava Spawn
Ability icon 1 Soul Burn

» actions
Assign group hotkey38
Basic commands164
Build / train34
ESC pressed1
Enter build submenu11
Enter hero's abilities submenu3
Remove unit from queue2
Right click323
Select / deselect446
Select group hotkey950
Use ability27
1999 total
» units
Acolyte3
Ghoul19
Gargoyle3
25 total
» buildings
Ziggurat4
Crypt3
Altar of Darkness1
Halls of the Dead1
Graveyard1
10 total
» build order
00:07 Ziggurat
00:09 Crypt
00:37 Crypt
01:01 Altar of Darkness
01:33 Ziggurat
03:07 Ziggurat
04:24 Halls of the Dead
05:47 Graveyard
06:20 Crypt
07:19 Ziggurat
team 2
HumanCoLeGePaRtYeR17 (yellow | 115 APM | 911 actions | 07:57)
Hero icon 3 Archmage
Ability icon 2 Summon Water Elemental
Ability icon 1 Brilliance Aura

» actions
Assign group hotkey26
Basic commands29
Build / train48
ESC pressed1
Enter build submenu10
Enter hero's abilities submenu3
Right click510
Select / deselect200
Select group hotkey44
Use ability40
911 total
» units
Peasant7
Footman25
32 total
» upgrades
Defend1
1 total
» buildings
Altar of Kings1
Barracks2
Farm4
Scout Tower1
Arcane Tower2
Arcane Vault1
11 total
» build order
00:04 Altar of Kings
00:07 Barracks
00:18 Farm
00:49 Farm
01:38 Scout Tower
02:04 Farm
02:29 Arcane Tower
02:30 Arcane Tower
02:52 Barracks
03:43 Arcane Vault
04:48 Farm
» items
Scroll of Regeneration3
Lesser Clarity Potion2
5 total
OrcGayTiMe.WeRRa (red | 84 APM | 669 actions | 07:57)
Hero icon 1 Tauren Chieftain
Ability icon 1 War Stomp

» actions
Assign group hotkey6
Basic commands22
Build / train15
ESC pressed3
Enter build submenu11
Enter hero's abilities submenu1
Right click266
Select / deselect242
Select group hotkey59
Use ability44
669 total
» units
Peon7
Troll Headhunter/Berserker6
13 total
» buildings
Altar of Storms1
Orc Burrow2
War Mill1
Barracks1
Voodoo Lounge2
Watch Tower3
10 total
» build order
00:04 Altar of Storms
00:07 Orc Burrow
00:49 War Mill
01:14 Barracks
01:46 Orc Burrow
02:04 Voodoo Lounge
03:14 Watch Tower
03:41 Voodoo Lounge
04:00 Watch Tower
06:03 Watch Tower